 Dungeon Sprint DCSS version 0.28.0-49-g6dfe1f597d (webtiles) character file.

Game seed: 13620373653729718644

7200000 Zeld the Conqueror (level 27, -12/228 HPs)
             Began as a Djinni Monk on May 18, 2022.
             Was the Champion of Makhleb.
             Mangled by a meat berserker
             ... wielding a +9 battleaxe
              (86 damage)
             ... in the Dungeon (Sprint VIII: "Arena of Blood").
             The game lasted 00:01:46 (72 turns).

Zeld the Conqueror (Djinni Monk)                      Turns: 72, Time: 00:01:47

Health: -12/228    AC:  4    Str: 20    XL:     27
Gold:   0          EV: 13    Int: 15    God:    Makhleb [******] SH:  0 Dex: 17

rFire   + + .      SeeInvis .   g - +∞ Axe of Woe
rCold   x . .      Faith    .   (shield currently unavailable)
rNeg    . . .      Spirit   .   a - +0 robe
rPois   ∞          Reflect  .   (no helmet)
rElec   .          Harm     .   (no cloak)
rCorr   .          Rampage  .   (no gloves)
Will    ++...      NoTele   +   (boots unavailable)
Stlth   ++++++++..              (no amulet)
HPRegen 0.48/turn               (no ring)
MPRegen 0.00/turn               (no ring)

@: flying, slowed, very slow
A: sickness immunity, fire resistance 2, cold vulnerability 1, float, innate
caster, HP casting, extra vitality 1
a: Renounce Religion, Minor Destruction, Lesser Servant of Makhleb, Major
Destruction, Greater Servant of Makhleb


You were in the Dungeon.
You worshipped Makhleb.
Makhleb was exalted by your worship.
You visited 1 branch

Inventory:

Hand Weapons
 g - the +∞ Axe of Woe (weapon)
   (You found it in the Dungeon)
Armour
 a - a +0 robe (worn)
Scrolls
 f - a scroll of blinking
Potions
 b - a potion of curing
 c - a potion of heal wounds
 d - a potion of haste
 e - a potion of berserk rage


   Skills:
 O Level 27 Fighting
 O Level 27 Short Blades
 O Level 27 Long Blades
 O Level 27 Axes
 O Level 27 Maces & Flails
 O Level 27 Polearms
 O Level 27 Staves
 O Level 27 Slings
 O Level 27 Bows
 O Level 27 Crossbows
 O Level 27 Throwing
 O Level 27 Armour
 - Level 3.2 Dodging
 + Level 21.6 Stealth
 O Level 27 Shields
 O Level 27 Unarmed Combat
 O Level 27 Spellcasting
 O Level 27 Invocations
 O Level 27 Evocations


You had 11 spell levels left.
You knew the following spells:

 Your Spells              Type           Power      Damage    Failure   Level
a - Sandblast             Erth           100%       2d20      0%          1
b - Passwall              Tmut/Erth      65%        N/A       0%          2
c - Ozocubu's Armour      Ice            79%        N/A       0%          3
d - Frozen Ramparts       Ice            100%       1d12      0%          3
e - Summon Forest         Summ/Tloc      39%        N/A       0%          5
f - Silence               Hex/Air        39%        N/A       0%          5
g - Starburst             Conj/Fire      39%        6d11      0%          6
h - Conjure Ball Lightni  Conj/Air       39%        3x3d13    0%          6
i - Iron Shot             Conj/Erth      39%        9d8       0%          6
j - Enfeeble              Hex            39%        N/A       1%          7
k - Malign Gateway        Summ/Tloc      39%        N/A       1%          7
l - Chain Lightning       Conj/Air       39%        3d52      2%          9
m - Fire Storm            Conj/Fire      39%        8d10      2%          9
Your spell library was empty.

Dungeon Overview and Level Annotations

Branches:
Dungeon (1/1)

Altars:
Makhleb

Annotations:
D The Captor


Innate Abilities, Weirdness & Mutations

You are immune to sickness and miasma.
You are immune to poison.
Your flesh is very heat resistant. (rF++)
You are vulnerable to cold. (rC-)
You float through the air rather than walking.
You learn spells naturally, not from books.
Your magical power is your life essence.
You have superior vitality. (+4 MHP)


Message History

The fiery explosion engulfs you. You resist.
You are engulfed in blazing flames.
You resist.
You hear an angry squeal.
You hear a shout! x5
The Captor gestures at you while chanting.
The stream of webbing hits you but does no damage.
You are caught in a web!
You hear a shout! x2
The bag of meat is engulfed in blazing flames.
The destroyer casts a spell at you.
The destroyer blinks!
You hear a shout! x3
A bag of meat comes into view. It is wielding a +9 war axe.
You hear a shout! x3
The accursed points at you and mumbles some strange words.
Something smites you!
Your Stealth skill gained 6 levels and is now at level 21!
Unknown command.
You are caught in a web!
Unknown command.
Unknown command.
Unknown command.
The web tears apart.
You are engulfed in blazing flames.
You resist.
The meat berserker hits you with a +9 battleaxe!!
You hear a shout! x5
A sculptor of flesh comes into view. It is wielding a +9 great sword.
A large bag of meat comes into view. It is wielding a +9 giant spiked club.
You hear a shout!
A tyrant comes into view.
The bag of meat is engulfed in blazing flames.
The bag of meat hits you with a +9 war axe!
The destroyer gestures at you while chanting.
The destroyer blinks!
You hear a shout!
The meat berserker hits you with a +9 battleaxe!!!!
You hear a shout!
A bag of meat comes into view. It is wielding a +9 war axe.
A meat beast comes into view.
You hear a shout!
The meat berserker hits you with a +9 battleaxe!!!!
You die...

... ..z #.. ..# .
#.§ o.# . ..###M.
..###..
......o###.......
.....V.)_).......
....#@zo§)#.... .
#_ooO_# . #oV@X§#
......O§oO2....
......###§.oXX.
..###.. ..###O .
#.. ..# #.. ..#
... .L ..


oz You could see an accursed, a tentacled monstrosity (summoned), a meat beast
(fast), a tyrant, 2 destroyers, 2 sculptors of flesh, a large bag of meat (inner
flame), 2 large abominations, The Captor (fast), 3 meat berserkers and 9 bags of
meat.

Vanquished Creatures
  A hell beast (D)
  3 royal mummies (D)
  2 wraiths (D)
  8 vampire knights (D)
  29 ogres (D)
  3 two-headed ogres (D)
  2 liches (D)
  A hydra (D)
  33 orcs (D)
  5 skeletal warriors (D)
87 creatures vanquished.

Notes
Turn   | Place    | Note
-------+----------+-------------------------------------------
     0 | D        | Found the +∞ Axe of Woe
     0 | D        | Zeld the Djinni Monk began the quest for the Orb.
     0 | D        | Reached XP level 1. HP: 20/20 MP: 0/0
     2 | D        | Noticed a bag of meat
     4 | D        | Became a worshipper of Makhleb the Destroyer
     4 | D        | Reached * piety under Makhleb
     4 | D        | Reached ** piety under Makhleb
     4 | D        | Noticed a bag of meat
     6 | D        | Noticed a bag of meat
     7 | D        | Noticed a bag of meat
     8 | D        | Noticed a bag of meat
     9 | D        | Killed a bag of meat
     9 | D        | Killed a bag of meat
     9 | D        | Noticed a meat berserker
     9 | D        | Noticed a bag of meat
    10 | D        | Reached skill level 10 in Spellcasting
    10 | D        | Reached XP level 2. HP: 49/49 MP: 0/0
    10 | D        | Reached XP level 3. HP: 56/56 MP: 0/0
    10 | D        | Learned a level 1 spell: Sandblast
    10 | D        | Reached XP level 4. HP: 62/62 MP: 0/0
    10 | D        | Reached XP level 5. HP: 68/68 MP: 0/0
    10 | D        | Learned a level 2 spell: Passwall
    10 | D        | Reached XP level 6. HP: 75/75 MP: 0/0
    10 | D        | Reached XP level 7. HP: 80/80 MP: 0/0
    10 | D        | Learned a level 3 spell: Ozocubu's Armour
    10 | D        | Reached XP level 8. HP: 87/87 MP: 0/0
    10 | D        | Reached XP level 9. HP: 93/93 MP: 0/0
    10 | D        | Learned a level 3 spell: Frozen Ramparts
    10 | D        | Reached XP level 10. HP: 100/100 MP: 0/0
    10 | D        | Reached XP level 11. HP: 105/105 MP: 0/0
    10 | D        | Learned a level 5 spell: Summon Forest
    10 | D        | Reached XP level 12. HP: 112/112 MP: 0/0
    10 | D        | Noticed a meat berserker
    11 | D        | Noticed a meat berserker
    11 | D        | Noticed a bag of meat
    12 | D        | Killed a bag of meat
    12 | D        | Killed a bag of meat
    12 | D        | Reached *** piety under Makhleb
    12 | D        | Noticed a bag of meat
    12 | D        | Noticed a meat berserker
    13 | D        | Reached skill level 15 in Invocations
    13 | D        | Reached XP level 13. HP: 124/124 MP: 0/0
    13 | D        | Learned a level 5 spell: Silence
    14 | D        | Killed a meat berserker
    14 | D        | Killed a bag of meat
    14 | D        | Killed a meat berserker
    14 | D        | Reached **** piety under Makhleb
    14 | D        | Noticed a bag of meat
    15 | D        | Reached skill level 27 in Fighting
    15 | D        | Reached skill level 15 in Axes
    15 | D        | Reached XP level 14. HP: 139/141 MP: 0/0
    15 | D        | Reached XP level 15. HP: 145/147 MP: 0/0
    15 | D        | Learned a level 6 spell: Starburst
    15 | D        | Killed a meat berserker
    16 | D        | Reached skill level 15 in Spellcasting
    16 | D        | Noticed a meat berserker
    16 | D        | Noticed a meat berserker
    17 | D        | Killed a meat berserker
    17 | D        | Reached ***** piety under Makhleb
    17 | D        | Noticed a meat berserker
    17 | D        | Noticed a meat berserker
    18 | D        | Reached XP level 16. HP: 130/154 MP: 0/0
    18 | D        | Killed a meat berserker
    19 | D        | Reached XP level 17. HP: 135/160 MP: 0/0
    19 | D        | Learned a level 6 spell: Conjure Ball Lightning
    20 | D        | Killed a meat berserker
    20 | D        | Killed a meat berserker
    21 | D        | Reached XP level 18. HP: 167/167 MP: 0/0
    22 | D        | Noticed a destroyer
    22 | D        | Noticed a destroyer
    22 | D        | Killed a meat berserker
    22 | D        | Noticed a destroyer
    23 | D        | Reached skill level 27 in Axes
    23 | D        | Reached skill level 27 in Invocations
    23 | D        | Noticed a large bag of meat
    24 | D        | Killed a large bag of meat
    24 | D        | Reached ****** piety under Makhleb
    24 | D        | Noticed a meat berserker
    25 | D        | Reached XP level 19. HP: 165/174 MP: 0/0
    25 | D        | Learned a level 6 spell: Iron Shot
    25 | D        | Killed a destroyer
    26 | D        | Reached skill level 27 in Spellcasting
    26 | D        | Noticed a meat berserker
    28 | D        | Reached skill level 5 in Short Blades
    28 | D        | Reached skill level 5 in Long Blades
    28 | D        | Reached skill level 5 in Maces & Flails
    28 | D        | Reached skill level 5 in Polearms
    28 | D        | Reached skill level 5 in Staves
    28 | D        | Reached skill level 5 in Armour
    28 | D        | Reached skill level 5 in Shields
    28 | D        | Reached skill level 5 in Evocations
    28 | D        | Noticed an eight-headed meat hydra
    28 | D        | Killed a destroyer
    28 | D        | Noticed a meat berserker
    29 | D        | Reached XP level 20. HP: 176/181 MP: 0/0
    30 | D        | Killed a meat berserker
    31 | D        | Killed a destroyer
    32 | D        | Reached skill level 10 in Short Blades
    32 | D        | Reached skill level 10 in Long Blades
    32 | D        | Reached skill level 10 in Armour
    32 | D        | Reached skill level 10 in Shields
    32 | D        | Reached skill level 10 in Evocations
    32 | D        | Noticed a meat berserker
    33 | D        | Killed a nine-headed meat hydra
    33 | D        | Killed a meat berserker
    34 | D        | Reached skill level 10 in Maces & Flails
    34 | D        | Reached skill level 10 in Polearms
    34 | D        | Reached skill level 10 in Staves
    34 | D        | Reached XP level 21. HP: 141/187 MP: 0/0
    34 | D        | Learned a level 7 spell: Enfeeble
    34 | D        | Killed a meat berserker
    34 | D        | Noticed a destroyer
    35 | D        | Reached skill level 10 in Slings
    35 | D        | Reached skill level 10 in Bows
    35 | D        | Reached skill level 10 in Crossbows
    35 | D        | Reached skill level 10 in Throwing
    36 | D        | Noticed a destroyer
    36 | D        | Noticed a large bag of meat
    38 | D        | Killed a meat berserker
    38 | D        | Killed a destroyer
    39 | D        | Reached XP level 22. HP: 191/194 MP: 0/0
    41 | D        | Reached skill level 15 in Armour
    41 | D        | Reached skill level 15 in Shields
    41 | D        | Reached skill level 15 in Evocations
    41 | D        | Killed a large bag of meat
    42 | D        | Reached skill level 15 in Short Blades
    42 | D        | Reached skill level 15 in Long Blades
    42 | D        | Noticed a meat berserker
    44 | D        | Killed a destroyer
    44 | D        | Noticed a tyrant
    45 | D        | Reached skill level 15 in Maces & Flails
    45 | D        | Reached skill level 15 in Polearms
    45 | D        | Reached skill level 15 in Staves
    46 | D        | Reached XP level 23. HP: 201/201 MP: 0/0
    46 | D        | Learned a level 7 spell: Malign Gateway
    47 | D        | Noticed an accursed
    48 | D        | Noticed a destroyer
    49 | D        | Killed an accursed
    50 | D        | Reached skill level 15 in Slings
    50 | D        | Reached skill level 15 in Bows
    50 | D        | Reached skill level 15 in Crossbows
    50 | D        | Reached skill level 15 in Throwing
    50 | D        | Noticed an accursed
    51 | D        | Killed a destroyer
    52 | D        | Reached XP level 24. HP: 130/208 MP: 0/0
    55 | D        | Killed an accursed
    55 | D        | Killed a tyrant
    56 | D        | Noticed a tyrant
    56 | D        | Noticed a destroyer
    57 | D        | Killed a tyrant
    58 | D        | Reached XP level 25. HP: 208/214 MP: 0/0
    58 | D        | Learned a level 9 spell: Chain Lightning
    59 | D        | Noticed a dread
    59 | D        | Noticed a meat beast
    59 | D        | Noticed a destroyer
    60 | D        | Noticed a large bag of meat
    60 | D        | Noticed an accursed
    61 | D        | Noticed a dread
    61 | D        | Noticed an accursed
    61 | D        | HP: 8/214 [accursed/divine providence (10)]
    62 | D        | Noticed a destroyer
    62 | D        | Killed a destroyer
    62 | D        | Killed a dread
    62 | D        | Noticed a tyrant
    63 | D        | Reached XP level 26. HP: 74/221 MP: 0/0
    63 | D        | Killed a meat beast
    64 | D        | Reached XP level 27. HP: 80/228 MP: 0/0
    64 | D        | Learned a level 9 spell: Fire Storm
    64 | D        | Killed a destroyer
    66 | D        | Reached skill level 27 in Armour
    66 | D        | Reached skill level 27 in Shields
    66 | D        | Reached skill level 27 in Evocations
    67 | D        | Killed a dread
    67 | D        | Noticed an accursed
    68 | D        | Reached skill level 27 in Short Blades
    68 | D        | Reached skill level 27 in Long Blades
    68 | D        | Reached skill level 27 in Staves
    68 | D        | Killed an accursed
    69 | D        | Reached skill level 27 in Maces & Flails
    69 | D        | Reached skill level 27 in Polearms
    69 | D        | Reached skill level 27 in Slings
    69 | D        | Reached skill level 27 in Bows
    69 | D        | Reached skill level 27 in Crossbows
    69 | D        | Reached skill level 27 in Throwing
    69 | D        | Noticed The Captor
    70 | D        | Reached skill level 27 in Unarmed Combat
    70 | D        | Noticed a destroyer
    71 | D        | Reached skill level 15 in Stealth
    71 | D        | Killed a large bag of meat
    72 | D        | Noticed a large bag of meat
    72 | D        | Noticed a tyrant
    72 | D        | Noticed a meat beast
    72 | D        | Mangled by a meat berserker

Illustrated notes

Levels and vault maps discovered:
D:        meatsprint

Skill      XL: |  1  2  3  4  5  6  7  8  9 10 11 12 13 14 15 16 17 18 19 20 21 22 23 24 25 26 27 |
---------------+----------------------------------------------------------------------------------+-----
Fighting       | 19 22 27 | 27.0
Axes           | 11 12 15 20 21 24 27 | 27.0
Spellcasting   | 10 12 14 18 19 20 25 27 | 27.0
Invocations    | 13 15 18 22 24 26 27 | 27.0
Short Blades   | 8 11 14 16 18 21 23 24 27 | 27.0
Long Blades    | 8 11 14 16 18 21 23 24 27 | 27.0
Maces & Flails | 7 10 13 15 17 19 21 23 27 | 27.0
Polearms       | 7 10 13 15 17 19 21 23 27 | 27.0
Staves         | 7 10 13 15 17 20 22 23 27 | 27.0
Slings         | 7 9 12 14 16 18 20 21 27 | 27.0
Bows           | 7 9 12 14 16 18 20 21 27 | 27.0
Crossbows      | 7 9 12 14 16 18 20 21 27 | 27.0
Throwing       | 7 9 12 14 16 18 20 21 27 | 27.0
Armour         | 8 11 14 16 19 21 24 25 27 | 27.0
Shields        | 8 11 14 16 19 21 24 25 27 | 27.0
Evocations     | 8 11 14 16 19 21 24 25 27 | 27.0
Unarmed Combat | 27 | 27.0
Stealth        | 21 | 21.6
Dodging        | |  3.2

Action                   |  1- 3 |  4- 6 |  7- 9 | 10-12 | 13-15 | 16-18 | 19-21 | 22-24 | 25-27 || total
-------------------------+-------+-------+-------+-------+-------+-------+-------+-------+-------++-------
Melee: Executioner's axe |     1 |       |       |     1 |     3 |     5 |    12 |    12 |    11 ||    45
 Cast: Silence           |       |       |       |       |     1 |       |       |       |       ||     1
       Chain Lightning   |       |       |       |       |       |       |       |       |     3 ||     3
Dodge: Dodged            |       |       |       |       |       |     1 |       |     3 |     3 ||     7
